 Dungeon Crawl Stone Soup version 0.14-a0-2071-g7172c92 (webtiles) character file.

699 Egon the Skirmisher (level 7, 57/62 HPs)
             Began as a Yellow Draconian Berserker on Jan 24, 2014.
             Was a Priest of Trog.
             Quit the game on Level 5 of the Dungeon.
             The game lasted 00:08:24 (3685 turns).

Egon the Skirmisher (Yellow Draconian Berserker)    Turns: 3685, Time: 00:08:24

HP  57/62        AC 10     Str 19      XL: 7   Next:  3%
MP   7/7         EV 14     Int  8      God: Trog [***...]
Gold 172         SH  0     Dex 12      Spells:  0 memorised,  6 levels left

rFire  . . .     SeeInvis .     a - +0 hand axe
rCold  . . .     Clarity  .     (armour unavailable)
rNeg   . . .     Conserve .     (no shield)
rPois  .         rCorr    +     (helmet restricted)
rElec  .         rRot     .     q - +2 cloak
SustAb . .       Spirit   .     j - +0 pair of gloves
rMut   .         Warding  .     (no boots)
Saprov . . .     Stasis   .     (no amulet)
MR     .....                    (no ring)
                                (no ring)

@: not resistant to hostile enchantments, unstealthy
A: spit acid, acid resistance, unfitting armour, AC +6
a: Spit Acid, Burn Spellbooks, Berserk, Trog's Hand, Renounce Religion


You were on level 5 of the Dungeon.
You worshipped Trog.
Trog was most pleased with you.
You were hungry.

You visited 1 branch of the dungeon, and saw 5 of its levels.

You collected 172 gold pieces.

Inventory:

Hand weapons
 a - a +0,+0 hand axe (weapon)
 k - the +6,+10 dagger "Tiseoweq" {freeze, rPois, unknown}
   (You found it on level 4 of the Dungeon)

   It has been specially enchanted to freeze those struck by it, causing extra
   injury to most foes and up to double damage against particularly susceptible
   opponents.
   It can also slow down cold-blooded creatures.
   It protects you from poison.
Armour
 j - a +0 pair of gloves (worn)
 q - a +2 cloak (worn)
Magical devices
 g - a wand of fireball (2)
Comestibles
 b - a cheese
 c - 4 bread rations
 d - 4 meat rations
 l - a choko
 o - a pear
Scrolls
 e - 2 scrolls of enchant weapon I {unknown}
 i - 4 scrolls of identify {unknown}
 m - 4 scrolls of remove curse {unknown}
 r - 4 scrolls of immolation {unknown}
 s - a scroll of amnesia {unknown}
 t - a scroll of fog {unknown}
Jewellery
 n - a cursed ring of protection from magic {unknown}
Potions
 f - a potion of lignification
 h - a potion of flight {unknown}
 u - a potion of speed {unknown}


   Skills:
 + Level 5.8 Fighting
 + Level 4.9 Axes
 + Level 4.8 Dodging


You had 6 spell levels left.
You didn't know any spells.

Dungeon Overview and Level Annotations

Branches:
Dungeon (5/16)
 Temple: D:4-7

Altars:
Nemelex Xobeh


Message History

The magic dart hits you!
You miss the orc wizard.
The orc wizard is moderately wounded.
The orc wizard gestures at you while chanting.
You resist.
You hit the orc wizard but do no damage.
The orc wizard is moderately wounded.
The orc wizard misses you. The orc wizard closely misses you.
You completely miss the orc wizard. You tail-slap the orc wizard.
The orc wizard is severely wounded.
The orc wizard points at you and mumbles some strange words.
The magic dart hits you!
You slash the orc wizard!
You kill the orc wizard!
Trog accepts your kill.
Trog appreciates your killing of a magic user.
You have reached level 7!
Your scales start taking on a golden yellow colour.
Unknown command.
Are you sure you want to abandon this character and quit the game? (Confirm with "yes".)

###.##.........#.##.###.
..#######.######.#.###.#
.# ..........# #.#.# #.#
#.######### #.#.# ###
#.#.######.##
#####.#..........
#................
#####.#.########
.###########@#.#
...........)...#
.###########.#.# #####


There were no monsters in sight!

Vanquished Creatures
  An ogre (D:5)
  2 orc priests (D:4)
  2 jellies
  3 orc wizards
  2 worker ants (D:4)
  A hound skeleton (D:4)
  4 gnolls (D:4)
  5 adders
  2 worms
  2 giant geckos
  12 orcs
  5 bats
  2 giant cockroaches
  5 goblins
  4 hobgoblins
  6 jackals
  2 quokkas
  2 ball pythons
  A giant gecko zombie (D:5)
  7 giant newts
  11 kobolds
  A kobold skeleton (D:4)
  7 rats
89 creatures vanquished.

Notes
Turn   | Place    | Note
--------------------------------------------------------------
     0 | D:1      | Egon, the Draconian Berserker, began the quest for the Orb.
     0 | D:1      | Reached XP level 1. HP: 19/19 MP: 1/1
   455 | D:1      | Reached XP level 2. HP: 26/26 MP: 2/2
   936 | D:2      | Acquired Trog's second power
  1793 | D:3      | Reached XP level 3. HP: 33/33 MP: 3/3
  1829 | D:3      | Found a sparkling altar of Nemelex Xobeh.
  1898 | D:3      | Reached skill level 4 in Fighting
  2127 | D:3      | Reached XP level 4. HP: 12/40 MP: 4/4
  2174 | D:3      | Gained mutation: You are covered in fur (AC +1). [potion of mutation]
  2174 | D:3      | Gained mutation: Your flesh is heat resistant. [potion of mutation]
  2174 | D:3      | Gained mutation: Your body is slowly deteriorating. [potion of mutation]
  2176 | D:3      | Lost mutation: Your body is slowly deteriorating. [potion of cure mutation]
  2176 | D:3      | Lost mutation: You are covered in fur (AC +1). [potion of cure mutation]
  2176 | D:3      | Lost mutation: Your flesh is heat resistant. [potion of cure mutation]
  2681 | D:4      | Got a twisted dagger
  2718 | D:4      | Reached XP level 5. HP: 38/47 MP: 5/5
  3002 | D:4      | Reached skill level 5 in Fighting
  3006 | D:4      | Reached XP level 6. HP: 26/56 MP: 6/6
  3410 | D:5      | Entered Level 5 of the Dungeon
  3684 | D:5      | Your scales start taking on a golden yellow colour.
  3684 | D:5      | Reached XP level 7. HP: 57/62 MP: 7/7
  3685 | D:5      | Quit the game

Action                   |  1- 3 |  4- 6 |  7- 9 || total
-------------------------+-------+-------+-------++-------
Melee: Hand axe          |   124 |   116 |       ||   240
Invok: Berserk           |     1 |     5 |       ||     6
Evoke: Wand              |       |     5 |       ||     5
  Use: Potion            |     1 |     6 |       ||     7
 Stab: Sleeping          |     2 |       |       ||     2
